 Dungeon Crawl Stone Soup version 0.25.0-37-gb73750e0fb (webtiles) character file.

Game seed: 18144160176716317752

35 DocSulfur the Cudgeler (level 3, -1/32 HPs)
             Began as a Naga Warper on July 8, 2020.
             Slain by a goblin
             ... wielding a +0 club
             ... led by Robin
              (3 damage)
             ... on level 3 of the Dungeon.
             The game lasted 00:04:44 (1396 turns).

DocSulfur the Cudgeler (Naga Warper)                Turns: 1396, Time: 00:04:45

Health: -1/32      AC:  3    Str: 13    XL:     3   Next: 35%
Magic:  6/6        EV:  8    Int: 14    God:
Gold:   41         SH:  0    Dex: 10    Spells: 6/6 levels left

rFire    . . .     SeeInvis +   a - +0 mace
rCold    . . .     Gourm    .   (no shield)
rNeg     . . .     Faith    .   g - +0 ring mail
rPois    +         Spirit   .   (no helmet)
rElec    .         Reflect  .   (no cloak)
rCorr    .         Harm     .   (no gloves)
MR       .....     Rnd*Tele +   (no barding)
Stlth    ..........             q - amulet of inaccuracy (curse)
HPRegen  0.10/turn              j - ring of teleportation (curse)
MPRegen  0.10/turn              (no ring)

@: very slow
A: large, see invisible, deformed body, poison resistance, slowness 2, slow
metabolism 1, spit poison 1, AC +1
a: Spit Poison


You were on level 3 of the Dungeon.
You were not hungry.

You visited 1 branch of the dungeon, and saw 3 of its levels.

You collected 41 gold pieces.

Inventory:

Hand Weapons
 a - a +0 mace (weapon)
Missiles
 e - 5 boomerangs of dispersal (quivered)
 o - 72 stones
Armour
 b - a +0 leather armour
 g - a +0 ring mail (worn)
Jewellery
 i - an uncursed amulet of reflection
 j - a cursed ring of teleportation (left hand)
 q - a cursed amulet of inaccuracy (around neck)
Scrolls
 d - a scroll of remove curse {unknown}
 l - a scroll of identify
 n - a scroll of magic mapping
Potions
 c - a potion of curing
 k - a potion of magic {unknown}
 m - a potion of haste {unknown}
Comestibles
 f - 2 rations


   Skills:
 - Level 2.0 Fighting
 * Level 3.7 Maces & Flails
 - Level 0.8 Throwing
 - Level 0.7 Armour
 - Level 1.5 Dodging
 - Level 2.0 Spellcasting
   Level 3.0 Translocations


You had 6 spell levels left.
You didn't know any spells.
Your spell library contained the following spells:

 Spells                   Type           Power        Failure   Level  Hunger
 Blink                    Tloc           N/A          22%         2    ###....
 Shroud of Golubria       Chrm/Tloc      #.....       38%         2    ###....
 Gell's Gravitas          Tloc           #.........   41%         3    ####...
 Lesser Beckoning         Tloc           #.........   41%         3    ####...
 Teleport Other           Tloc           #.......     41%         3    ####...
 Passage of Golubria      Tloc           N/A          82%         4    #####..


Dungeon Overview and Level Annotations

Branches:
Dungeon (3/15)

Altars:
Elyvilon

Annotations:
D:3 Robin


Innate Abilities, Weirdness & Mutations

You cannot wear boots.
Your serpentine skin is tough. (AC +1)
You have supernaturally acute eyesight. (SInv)
Armour fits poorly on your strangely shaped body.
Your system is resistant to poisons. (rPois)
You cover ground very slowly.
You have a slow metabolism.
You can spit poison.


Message History

The stone hits you!
* * * LOW HITPOINT WARNING * * *
The goblin unwields a +0 hunting sling.
The goblin barely misses you.
You see here a +0 club.
You barely miss the goblin. The goblin hits you.
* * * LOW HITPOINT WARNING * * *
You barely miss the goblin. The goblin hits you.
* * * LOW HITPOINT WARNING * * *
The goblin barely misses you.
You sock the goblin!
You kill the goblin!
You barely miss the goblin. The goblin hits you.
* * * LOW HITPOINT WARNING * * *
You miss the goblin. The goblin hits you.
* * * LOW HITPOINT WARNING * * *
You barely miss the goblin. The goblin barely misses you.
You hit the goblin.
You kill the goblin!
You miss the goblin. The goblin hits you with a +0 club.
You die...

#.# #.# ##.###
....##
#############.....
#....gg......<....
#.#############..#
#g# .# #@# # #(#
#.# #.# #.# ...
###


You could see a goblin.

Vanquished Creatures
  A worm (D:2)
  A dart slug (D:1)
  A leopard gecko (D:1)
  4 goblins
  3 hobgoblins
  8 jackals
  A quokka (D:2)
  3 bats
  2 frilled lizards (D:1)
  A rat (D:2)
25 creatures vanquished.

Notes
Turn   | Place    | Note
-------+----------+-------------------------------------------
     0 | D:1      | DocSulfur the Naga Warper began the quest for the Orb.
     0 | D:1      | Reached XP level 1. HP: 19/19 MP: 3/3
   475 | D:1      | Reached XP level 2. HP: 26/26 MP: 5/5
   854 | D:2      | Reached XP level 3. HP: 7/32 MP: 6/6
  1115 | D:2      | Found a white marble altar of Elyvilon.
  1321 | D:3      | Noticed Robin
  1393 | D:3      | HP: 1/32 [goblin[Robin] (2)]
  1396 | D:3      | Slain by a goblin

Illustrated notes

Levels and vault maps discovered:
D:1:      sevenhm_arrival_forest_fort_large_2, layout_rooms
D:2:      layout_basic, elyvilon_altar_5
D:3:      layout_loops_ring, lemuel_round_altar, first_ration,
          kennysheep_cross_room, uniq_robin

Skill      XL: |  1  2 |
---------------+-------+-----
Maces & Flails | 3 |  3.7
Fighting       | |  2.0
Throwing       | |  0.8
Armour         | |  0.7
Dodging        | |  1.5
Spellcasting   | |  2.0
Translocations | |  3.0

Action                   || total
-------------------------++-------
Melee: Mace              ||    78
 Abil: Spit Poison       ||     2
  Use: Scroll            ||     3
       Potion            ||     1
  Eat: Chunk             ||     1
Armor: Leather armour    ||     4
       Ring mail         ||    26
Dodge: Dodged            ||    57
Block: Other             ||    18
       Reflection        ||     1
